 Dungeon Crawl Stone Soup version 0.17-a0-1830-g81820eb (webtiles) character file.

61 4thArraOfDagon the Firebug (level 4, 0/24 HPs)
             Began as a Tengu Fire Elementalist on Sept 13, 2015.
             Succumbed to a worker ant's poison
             ... on level 4 of the Dungeon.
             The game lasted 00:02:23 (442 turns).

4thArraOfDagon the Firebug (Tengu Fire Elementalist) Turns: 442, Time: 00:02:23

Health: 0/24       AC:  2    Str:  9    XL:     4   Next: 7%
Magic:  1/8        EV: 21    Int: 16    God:
Gold:   54         SH:  0    Dex: 19    Spells: 2 memorised, 3 levels left

rFire  . . .     SeeInvis .     f - +0 dagger
rCold  . . .     Clarity  .     a - +0 robe
rNeg   . . .     SustAt   .     (no shield)
rPois  .         Gourm    .     (helmet restricted)
rElec  .         Spirit   .     (no cloak)
rCorr  .         Warding  .     (no gloves)
rMut   .         Stasis   .     (boots unavailable)
MR     .....                    (no amulet)
Stlth  +++.......               (no ring)
                                (no ring)

@: agile, lethally poisoned (0 -> -8), flying quickly and evasively, quick, not
resistant to hostile enchantments, fairly stealthy
A: beak, talons 3
a: no special abilities


You were on level 4 of the Dungeon.
You were not hungry.

You visited 1 branch of the dungeon, and saw 4 of its levels.

You collected 54 gold pieces.

Inventory:

Hand weapons
 f - a +0 dagger (weapon)
Armour
 a - a +0 robe (worn)
Scrolls
 d - 4 scrolls of identify {unknown}
 e - a scroll of immolation {unknown}
 g - a scroll of teleportation {unknown}
 i - a scroll of remove curse {unknown}
 j - a scroll of magic mapping {unknown}
 n - a scroll of noise {unknown}
 o - a scroll of enchant armour {unknown}
Books
 b - a book of Flames

   Spells                             Type                      Level
   a - Flame Tongue                   Conjuration/Fire             1
   b - Throw Flame                    Conjuration/Fire             2
   c - Conjure Flame                  Conjuration/Fire             3
   d - Inner Flame                    Hexes/Fire                   3
   e - Sticky Flame                   Conjuration/Fire             4
   f - Fireball                       Conjuration/Fire             5
Comestibles
 c - 3 bread rations
 m - 3 chunks of flesh


   Skills:
 - Level 2.1 Dodging
 - Level 2.0 Stealth
 + Level 2.3 Spellcasting
 * Level 3.2 Conjurations
 * Level 4.3 Fire Magic


You had 3 spell levels left.
You knew the following spells:

 Your Spells              Type           Power        Failure   Level  Hunger
a - Flame Tongue          Conj/Fire      ##...        6%          1    #......
b - Conjure Flame         Conj/Fire      ##......     14%         3    ###....


Dungeon Overview and Level Annotations

Branches:
Dungeon (4/15)
 Temple: D:4-7

Altars:
Okawaru

Annotations:
D:2 Natasha, Robin


Innate Abilities, Weirdness & Mutations

You have a beak for a mouth.
You have claws for feet.


Message History

Drink which item? (? for menu, Esc to quit)
It was a potion of flight.
You feel very buoyant.
You swoop lightly up into the air.
* * * LOW HITPOINT WARNING * * *
You feel sick.
Drink which item? (? for menu, Esc to quit)
It was a potion of cure mutation.
It has a very clean taste.
* * * LOW HITPOINT WARNING * * *
You feel sick.
Drink which item? (? for menu, Esc to quit)
It was a potion of agility.
You feel agile all of a sudden.
* * * LOW HITPOINT WARNING * * *
You feel sick.
* * * LOW HITPOINT WARNING * * *
You feel sick.
* * * LOW HITPOINT WARNING * * *
You feel sick.
You die...

#..#..............
##......<..)......
##.................
##.......[..........
##...................
##....$...............
###.....................
......>.................
#...@#...............
###....##............
###....###.........
###....####......
###....##.....#
###..........
#..#.........
#..###....... #..#
##......


There were no monsters in sight!

Vanquished Creatures
  2 worker ants (D:4)
  A worm (D:4)
  An orc (D:3)
  2 bats (D:1)
  2 giant cockroaches
  A giant newt (D:1)
9 creatures vanquished.

Notes
Turn   | Place    | Note
--------------------------------------------------------------
     0 | D:1      | 4thArraOfDagon the Tengu Fire Elementalist began the quest for the Orb.
     0 | D:1      | Reached XP level 1. HP: 10/10 MP: 4/4
   109 | D:2      | Noticed Robin
   193 | D:2      | Noticed Natasha
   257 | D:4      | Reached XP level 2. HP: 15/15 MP: 0/6
   269 | D:4      | Found an iron altar of Okawaru.
   343 | D:4      | Noticed a worker ant
   349 | D:4      | Noticed a worker ant
   391 | D:4      | Killed a worker ant
   391 | D:4      | Reached skill level 4 in Fire Magic
   391 | D:4      | Reached XP level 3. HP: 17/19 MP: 2/7
   396 | D:4      | Learned a level 3 spell: Conjure Flame
   434 | D:4      | Killed a worker ant
   434 | D:4      | Reached XP level 4. HP: 7/24 MP: 0/8
   440 | D:4      | HP: 1/24 [poisoned by a worker ant]
   442 | D:4      | Succumbed to a worker ant's poison

Vault maps used:
D:1:      sevenhm_arrival_forest_fort_small_4
D:2:      first_bread, uniq_crazy_yiuf_cottage, uniq_robin, uniq_natasha
D:3:      lightli_temple_of_fire, kennysheep_potato
D:4:      okawaru_gym_becter, lemuel_round_altar

Action                   |  1- 3 |  4- 6 || total
-------------------------+-------+-------++-------
Melee: Dagger            |     8 |       ||     8
 Cast: Flame Tongue      |    20 |     1 ||    21
  Use: Potion            |       |     3 ||     3
